 Dungeon Crawl Stone Soup version 0.20-a0-267-g4a7ec2a (webtiles) character file.

1358 PurpleRed the Slinger (level 8, -2/52 HPs)
             Began as a Halfling Hunter on Dec 7, 2016.
             Was an Initiate of Okawaru.
             Splashed by a jelly's acid (12 damage)
             ... on level 6 of the Dungeon.
             The game lasted 00:20:16 (6071 turns).

PurpleRed the Slinger (Halfling Hunter)             Turns: 6071, Time: 00:20:16

Health: -2/52      AC: -2    Str: 13    XL:     8   Next: 95%
Magic:  8/8        EV: 14    Int:  9    God:    Okawaru [......]
Gold:   311        SH:  0    Dex: 17    Spells: 7/7 levels left

rFire  + . .     SeeInvis .     b - +1 falchion (slice)
rCold  . . .     Gourm    .     i - +1 leather armour "Otass" {*Corrode rPois MR+}
rNeg   . . .     Faith    .     (shield restricted)
rPois  +         Spirit   .     c - +1 helmet
rElec  .         Reflect  .     (no cloak)
rCorr  .         Harm     +     j - +1 pair of gloves
MR     +....                    L - +0 pair of boots
Stlth  ++........               D - amulet of harm
                                (no ring)
                                p - ring of protection from fire

@: corroded
A: mutation resistance 1
a: Renounce Religion


You were on level 6 of the Dungeon.
You worshipped Okawaru.
Okawaru was noncommittal.
You were very hungry.

You visited 2 branches of the dungeon, and saw 7 of its levels.
You also visited: Sewer.

You collected 311 gold pieces.

Inventory:

Hand Weapons
 a - a +1 hunting sling
 b - a +1 falchion of slicing (weapon)
 o - a cursed -2 dagger
Missiles
 d - 38 sling bullets
 k - 133 stones (quivered)
 r - a throwing net
Armour
 c - a +1 helmet (worn)
 i - the +1 leather armour "Otass" (worn) {*Corrode rPois MR+}
   (You found it on level 6 of the Dungeon)

   It protects you from poison.
   It affects your resistance to hostile enchantments.
   It may corrode you when you take damage.
 j - a +1 pair of gloves (worn)
 v - a +3 chain mail
 L - a +0 pair of boots (worn)
Jewellery
 p - a ring of protection from fire (left hand)
 D - an amulet of harm (around neck)
Wands
 M - a wand of disintegration (11/24)
Scrolls
 h - 3 scrolls of remove curse
 n - a scroll of identify
 u - a scroll of fear
 E - 2 scrolls of magic mapping
Potions
 e - 3 potions of invisibility
 l - 2 potions of magic {unknown}
 m - 2 potions of resistance
 z - a potion of cure mutation
 A - 4 potions of flight
 B - a potion of brilliance
 C - a potion of ambrosia {unknown}
 F - 3 potions of curing
 I - 2 potions of might
Books
 K - a book of Maledictions

   Spells                             Type                      Level
   a - Corona                         Hexes                        1
   b - Ensorcelled Hibernation        Hexes/Ice                    2
   c - Confuse                        Hexes                        3
   d - Tukima's Dance                 Hexes                        3
   e - Dazzling Spray                 Conjuration/Hexes            3
Comestibles
 f - 5 bread rations
 g - 3 fruits
 t - a slice of pizza
 w - 2 meat rations
 H - a beef jerky


   Skills:
 + Level 3.5 Fighting
 - Level 13.5 Slings
 + Level 3.3 Armour
 - Level 2.1 Dodging
 - Level 1.1 Stealth


You had 7 spell levels left.
You didn't know any spells.

Dungeon Overview and Level Annotations

Branches:
Dungeon (6/15)             Temple (1/1) D:6

Altars:
Ashenzari
Cheibriados
Dithmenos
Elyvilon
Fedhas
Gozag
Hepliaklqana
Kikubaaqudgha
Makhleb
Nemelex Xobeh
Okawaru
Qazlal
Ru
Sif Muna
Trog
Vehumet
Xom
Yredelemnul
Zin
The Shining One

Annotations:
D:6 chickenpie's ghost, novice MiBe


Innate Abilities, Weirdness & Mutations

You are small and have problems with some larger weapons.
You are somewhat resistant to further mutation.


Message History

The jelly is severely wounded.
The jelly hits you but does no damage.
You hit the jelly but do no damage.
Your hands burn!
The jelly is severely wounded.
The jelly hits you but does no damage. The jelly hits you.
You are splashed with acid!
The acid burns!
Your corrosive artefact corrodes you!
You hit the jelly but do no damage.
Your hands burn!
The jelly is severely wounded.
The jelly misses you.
You hit the jelly but do no damage.
Your hands burn!
The jelly is severely wounded.
The jelly hits you.
You are splashed with acid!
The acid burns!
You hit the jelly but do no damage.
Your hands burn!
* * * LOW HITPOINT WARNING * * *
The jelly is severely wounded.
The jelly hits you.
* * * LOW HITPOINT WARNING * * *
The acid corrodes you!
You are splashed with acid!
The acid burns!
You die...

......................
#..................
#..................
#...#########......
###.# #...... #.#
#...... #.# #......
########)# #######
......J@.# ##########


You could see a jelly.

Vanquished Creatures
  An ogre (D:4)
  2 bullfrogs (Sewer)
  4 scorpions
  A crimson imp (D:5)
  4 orc priests
  2 bullfrog skeletons
  4 hounds
  A jelly (D:5)
  An iguana (D:3)
  3 orc wizards
  2 worker ants (D:4)
  3 gnolls (D:3)
  A howler monkey skeleton (D:3)
  16 adders
  13 oozes
  An adder zombie (D:6)
  An adder skeleton (D:5)
  5 worms
  3 dart slugs
  10 leopard geckos
  17 orcs
  6 bats
  17 giant cockroaches
  10 goblins
  4 hobgoblins
  9 jackals
  4 quokkas
  12 ball pythons (Sewer)
  10 frilled lizards
  6 kobolds
  A leopard gecko skeleton (D:4)
  6 rats
180 creatures vanquished.

Notes
Turn   | Place    | Note
-------+----------+-------------------------------------------
     0 | D:1      | PurpleRed the Halfling Hunter began the quest for the Orb.
     0 | D:1      | Reached XP level 1. HP: 14/14 MP: 1/1
     1 | D:1      | Found a runed door.
    63 | D:1      | Reached skill level 6 in Slings
   289 | D:1      | Reached XP level 2. HP: 19/19 MP: 2/2
   435 | D:1      | Found a shattered altar of Ashenzari.
   647 | D:1      | Reached skill level 7 in Slings
   647 | D:1      | Reached XP level 3. HP: 21/24 MP: 3/3
   669 | D:1      | Reached XP level 4. HP: 18/29 MP: 4/4
   867 | D:2      | Reached skill level 8 in Slings
   939 | D:2      | Found a sparkling altar of Nemelex Xobeh.
  1127 | D:2      | Found a blossoming altar of Fedhas.
  1143 | D:2      | Found a sacrificial altar of Ru.
  1145 | D:2      | Found a shadowy altar of Dithmenos.
  1520 | D:3      | Reached XP level 5. HP: 34/34 MP: 5/5
  1626 | D:3      | Reached skill level 9 in Slings
  1692 | D:3      | Found a glowing drain.
  1700 | Sewer    | Entered a sewer
  1915 | Sewer    | Reached XP level 6. HP: 32/39 MP: 6/6
  2088 | Sewer    | Reached skill level 10 in Slings
  2271 | Sewer    | Reached skill level 11 in Slings
  2271 | Sewer    | Reached XP level 7. HP: 16/44 MP: 7/7
  2968 | D:4      | HP: 1/44 [iguana (10)]
  3138 | D:4      | Reached skill level 12 in Slings
  3537 | D:3      | Reached XP level 8. HP: 47/49 MP: 8/8
  3747 | D:4      | Reached skill level 13 in Slings
  4126 | D:5      | Entered Level 5 of the Dungeon
  4163 | D:5      | Reached skill level 1 in Armour
  4345 | D:5      | Found a shimmering altar of Xom.
  4346 | D:5      | Found a hazy altar of Hepliaklqana.
  4347 | D:5      | Noticed a spectral ugly thing
  5229 | D:6      | Got a dazzling leather armour
  5242 | D:6      | Identified the +1 leather armour "Otass" {*Corrode rPois MR+} (You found it on level 6 of the Dungeon)
  5250 | D:6      | Noticed chickenpie's ghost (novice MiBe)
  5757 | D:6      | Found a staircase to the Ecumenical Temple.
  5765 | Temple   | Entered the Ecumenical Temple
  5782 | Temple   | Became a worshipper of Warmaster Okawaru
  6071 | D:6      | Splashed by a jelly's acid

Vault maps used:
D:1:      dpeg_arrival_caged_fury, evilmike_ruin_ashenzari
D:2:      grunt_temple_overflow_open, nemelex_xobeh_ov_fountains_minmay,
          first_bread, minmay_tall_x
D:3:      lightli_sewer_entry_pipes
D:4:      st_stairs_12
D:5:      regret_index_temple_of_mockery, minmay_misc_feat_five,
          eino_small_chamber_without_monster, st_stairs_4
Temple:   eino_temple_water
Sewer:    sewer_frog_island_02

Skill      XL: |  1  2  3  4  5  6  7  8 |
---------------+-------------------------+-----
Slings         | 6 7 8 9 11 12 13 | 13.5
Fighting       | 3 |  3.5
Armour         | 3 |  3.3
Dodging        | |  2.1
Stealth        | |  1.1

Action                   |  1- 3 |  4- 6 |  7- 9 || total
-------------------------+-------+-------+-------++-------
Melee: Falchion          |       |       |    30 ||    30
 Fire: Hunting sling     |    51 |   236 |   290 ||   577
  Use: Scroll            |     1 |     9 |    12 ||    22
       Potion            |       |       |     1 ||     1
 Stab: Sleeping          |       |       |     1 ||     1
  Eat: Chunk             |       |     4 |    10 ||    14
Armor: Leather armour    |     5 |    44 |    23 ||    72
       Chain mail        |       |       |     7 ||     7
Dodge: Dodged            |    18 |    98 |    67 ||   183
       Rpst.: Falchion   |       |       |     7 ||     7
